 Dungeon Crawl Stone Soup version 0.23-a0-819-g6debee6 (webtiles) character file.

3026 Sordid the Jinx (level 9, -2/40 HPs)
             Began as a Felid Conjurer on Jan 22, 2019.
             Was an Elder of Sif Muna.
             Killed from afar by Harold (12 damage)
             ... with a harpoon shot
             ... on level 7 of the Dungeon.
             The game lasted 00:55:12 (14945 turns).

Sordid the Jinx (Felid Conjurer)                   Turns: 14945, Time: 00:55:13

Health: -2/40      AC:  2    Str:  3 (4)  XL:     9   Next: 55%
Magic:  0/19       EV: 27    Int: 16 (19) God:    Sif Muna [****..]
Gold:   507        SH:  0    Dex: 14 (17) Spells: 8/20 levels left
                                        Lives:  0   Deaths: 2

rFire    . . .     SeeInvis +     - Unarmed
rCold    . . .     Gourm    .   (shield unavailable)
rNeg     . . .     Faith    +   (armour unavailable)
rPois    .         Spirit   .   (helmet unavailable)
rElec    .         Reflect  .   (cloak unavailable)
rCorr    .         Harm     .   (gloves unavailable)
MR       +....                  (boots unavailable)
Stlth    ++++......             g - amulet of faith
HPRegen  0.13/turn              y - +3 ring of evasion
MPRegen  0.16/turn              C - +3 ring of evasion

@: marked, divine energy, quick
A: very small, no armour, no weapons or thrown items, stealth, claws 1, fangs 3,
see invisible, carnivore, speed 1, shaggy fur 2, slow metabolism 1, sharp paws
a: Stop Divine Energy, Channel Magic, Forget Spell, Renounce Religion


You were on level 7 of the Dungeon.
You worshipped Sif Muna.
Sif Muna was greatly pleased with you.
You were full.

You visited 1 branch of the dungeon, and saw 9 of its levels.

You collected 507 gold pieces.

Inventory:

Jewellery
 g - an amulet of faith (around neck)
 i - an uncursed ring of protection from magic
 m - an uncursed ring of flight
 o - an uncursed ring of fire
 p - an uncursed ring of stealth
 y - a +3 ring of evasion (left paw)
 C - a +3 ring of evasion (right paw)
 D - an uncursed ring of resist corrosion
Wands
 s - a wand of paralysis (13)
 t - a wand of polymorph (3)
 F - a wand of enslavement (7)
Scrolls
 d - a scroll of teleportation
 f - 2 scrolls of magic mapping {unknown}
 j - 5 scrolls of identify {unknown}
 k - 4 scrolls of amnesia {unknown}
 l - a scroll of immolation {unknown}
 q - a scroll of remove curse {unknown}
 r - 2 scrolls of fear {unknown}
 x - a scroll of enchant armour {unknown}
 A - a scroll of blinking {unknown}
Potions
 a - a potion of flight {unknown}
 c - 2 potions of lignification
 e - 2 potions of haste {unknown}
 n - 2 potions of ambrosia {unknown}
 u - 2 potions of degeneration
 v - a potion of brilliance {unknown}
 w - a potion of berserk rage {unknown}
 z - a potion of mutation {unknown}
 B - a potion of agility {unknown}
 E - 2 potions of resistance {unknown}
Comestibles
 b - 13 rations


   Skills:
 * Level 5.3 Fighting
 * Level 6.4 Dodging
 + Level 6.4 Stealth
 - Level 2.9 Unarmed Combat
 - Level 6.0 Spellcasting
 + Level 7.0 Conjurations
 - Level 9.4 Hexes


You had 8 spell levels left.
You knew the following spells:

 Your Spells              Type           Power        Failure   Level  Hunger
a - Magic Dart            Conj           ####         1%          1    None
b - Dazzling Spray        Conj/Hex       ####..       1%          3    ##.....
c - Confusing Touch       Hex            ####..       1%          1    None
d - Fulminant Prism       Conj/Hex       ####......   4%          4    ####...
e - Confuse               Hex            ####....     1%          3    ##.....

Your spell library contained the following spells:

 Spells                   Type           Power        Failure   Level  Hunger
 Searing Ray              Conj           ####..       1%          2    #......
 Iskenderun's Mystic Bla  Conj           ####....     8%          4    ####...
 Force Lance              Conj/Tloc      ###.....     32%         4    ####...
 Gell's Gravitas          Tloc           #.........   38%         3    ##.....
 Metabolic Englaciation   Hex/Ice        ###.......   50%         5    ######.
 Yara's Violent Unravell  Hex/Tmut       ###.......   50%         5    ######.
 Iskenderun's Battlesphe  Conj/Chrm      ###.....     65%         5    ######.
 Venom Bolt               Conj/Pois      ###.......   65%         5    ######.
 Petrify                  Tmut/Erth      #.......     80%         4    ####...
 Bolt of Magma            Conj/Fire/Erth ##........   82%         5    ######.
 Iron Shot                Conj/Erth      ###.......   99%         6    #######
 Orb of Destruction       Conj           ####......   100%        7    #######
 Spellforged Servitor     Conj/Summ      ###.......   100%        7    #######


Dungeon Overview and Level Annotations

Branches:
Dungeon (9/15)             Temple (0/1) D:6
   Lair: D:8-11         Orc: D:9-12

Altars:
Cheibriados
Elyvilon
Fedhas
Gozag
Hepliaklqana
Qazlal
Sif Muna
Trog
Yredelemnul

Shops:
D:6 [

Annotations:
D:2 exclusion: 2 downstairs
D:4 exclusion: downstairs
D:6 1 runed door
D:7 3 runed doors, exclusion: downstairs, Harold; Killmatronix's ghost, novice SpGl


Innate Abilities, Weirdness & Mutations

You cannot wear armour.
You are incapable of wielding weapons or throwing items.
Your paws allow you to move quietly. (Stealth)
You have sharp claws.
You have razor-sharp teeth.
You have supernaturally acute eyesight. (SInv)
You are carnivorous and can eat meat at any time.
You cover ground quickly.
You are covered in thick fur. (AC +2)
You have a slow metabolism.
Your sharp claws are effective at attacking unaware monsters.


Message History

Harold is moderately wounded.
Harold is dazzled.
Harold closely misses you.
Harold is no longer blind.
There is an open door here.
You close the door.
Harold opens the door.
Casting: Dazzling Spray (safe; 1% risk of failure)
Confirm with . or Enter, or press ? or * to list all spells.
Aiming: Dazzling Spray (safe; 1% risk of failure)
Press: ? - help, Shift-Dir - straight line, f/p - Harold
Aim: Harold, wielding a +1 flail of protection and wearing a +4 scale mail of cold resistance (moderately wounded)
The spray of energy hits Harold but does no damage.
Harold is moderately wounded.
Harold is dazzled.
Harold points at you and mumbles some strange words.
A sentinel's mark forms upon you.
Harold says, "This is so exciting!
What a great way to end my career!"
Harold gestures at you while chanting. The harpoon shot hits you!
You die...

#....# #.. #....#
#.> #....# #..
###....#######..
#.@.@.........).
###.#.............
#...####.........#
#.######.........#
#@#..............#
#.+..............#
###..............#
#.......########
#.......#
#.......#
###[......#
#.+.......# ##
#.#.^.....#######.


You could see Harold (blind).

Vanquished Creatures
  An ugly thing (D:8)
  Psyche (D:9)
  Edmund (D:6)
  A steam dragon (D:8)
  Duvessa (D:5)
  2 ice beasts
  An orc warrior (D:8)
  2 necrophages
  3 sky beasts
  A phantom (D:8)
  An ogre (D:5)
  A centaur (D:4)
  A big kobold (D:8)
  5 bullfrogs
  Dowan (D:5)
  A scorpion (D:7)
  A howler monkey (D:6)
  2 crimson imps (D:6)
  A bullfrog zombie (D:8)
  4 hounds
  8 orc priests
  A jelly (D:6)
  7 orc wizards
  A bullfrog skeleton (D:8)
  Ijyb (D:5)
  2 iguanas
  2 worker ants
  A hound zombie (D:9)
  A mummy (D:9)
  9 adders
  4 gnolls (D:6)
  A howler monkey skeleton (D:8)
  A shadow imp (D:7)
  3 oozes
  A worm (D:3)
  A dart slug (D:2)
  3 leopard geckos
  29 orcs
  5 giant cockroaches
  10 goblins
  7 hobgoblins
  7 jackals
  14 kobolds
  4 quokkas
  4 ball pythons
  7 bats
  7 frilled lizards
  A leopard gecko skeleton (D:7)
  A quokka skeleton (D:4)
  9 rats
  A fulminant prism (D:8)
185 creatures vanquished.

Vanquished Creatures (others)
  A centaur (D:8)
  110 fulminant prisms
  A withered plant (D:9)
112 creatures vanquished.

Grand Total: 297 creatures vanquished

Notes
Turn   | Place    | Note
-------+----------+-------------------------------------------
     0 | D:1      | Sordid the Felid Conjurer began the quest for the Orb.
     0 | D:1      | Reached XP level 1. HP: 7/7 MP: 4/4
   503 | D:1      | Reached XP level 2. HP: 11/11 MP: 3/6
  1375 | D:1      | Reached XP level 3. HP: 14/14 MP: 5/7
  1635 | D:1      | Learned a level 3 spell: Dazzling Spray
  2485 | D:2      | Reached XP level 4. HP: 18/18 MP: 2/8
  2839 | D:2      | Found a hazy altar of Hepliaklqana.
  2839 | D:2      | Found a basalt altar of Yredelemnul.
  2839 | D:2      | Found a bloodstained altar of Trog.
  2839 | D:2      | Found a snail-covered altar of Cheibriados.
  2845 | D:2      | Found a deep blue altar of Sif Muna.
  2845 | D:2      | Found an opulent altar of Gozag.
  2871 | D:2      | Became a worshipper of Sif Muna the Loreminder
  3564 | D:3      | Reached skill level 1 in Hexes
  3569 | D:3      | Slain by a worm
  3570 | D:3      | Reached XP level 3. HP: -2/14 MP: 1/7
  4409 | D:3      | Reached XP level 4. HP: 18/18 MP: 1/9
  5064 | D:3      | Reached skill level 2 in Hexes
  5404 | D:3      | Learned a level 1 spell: Confusing Touch
  5409 | D:3      | Learned a level 4 spell: Fulminant Prism
  5585 | D:3      | Reached XP level 5. HP: 21/21 MP: 8/10
  5904 | D:3      | Reached skill level 5 in Conjurations
  6029 | D:3      | Reached * piety under Sif Muna
  6029 | D:3      | Reached skill level 3 in Hexes
  6637 | D:4      | Reached skill level 1 in Unarmed Combat
  6637 | D:4      | Gained mutation: You are covered in thick fur. (AC +2)
                  | [Felid growth]
  6637 | D:4      | Reached XP level 6. HP: 25/25 MP: 5/12
  6767 | D:4      | Reached skill level 4 in Hexes
  6881 | D:4      | Found a blossoming altar of Fedhas.
  7630 | D:5      | Entered Level 5 of the Dungeon
  7673 | D:5      | Noticed a sky beast
  7708 | D:5      | Killed a sky beast
  7708 | D:5      | Reached skill level 5 in Hexes
  7852 | D:5      | Reached XP level 7. HP: 28/28 MP: 0/13
  7961 | D:5      | Noticed Ijyb
  7967 | D:5      | Killed Ijyb
  8062 | D:5      | Reached skill level 1 in Fighting
  8189 | D:5      | Noticed Dowan
  8392 | D:5      | Found a stormy altar of Qazlal.
  8557 | D:5      | Noticed Duvessa
  8572 | D:5      | Killed Duvessa
  9008 | D:5      | Reached ** piety under Sif Muna
  9008 | D:5      | Reached skill level 6 in Hexes
  9032 | D:5      | Killed Dowan
  9386 | D:6      | Found a runed door.
  9386 | D:6      | Noticed an angel
  9387 | D:6      | Found a white marble altar of Elyvilon.
  9546 | D:6      | Found Vinutu's Armour Shoppe.
  9581 | D:6      | Noticed Edmund
  9919 | D:6      | Reached XP level 8. HP: 33/33 MP: 6/15
 10001 | D:6      | Killed Edmund
 10001 | D:6      | Reached skill level 5 in Dodging
 10001 | D:6      | Reached skill level 7 in Hexes
 10582 | D:6      | Found a staircase to the Ecumenical Temple.
 10848 | D:7      | You fall through a shaft for 2 floors!
 10859 | D:9      | Noticed a centaur warrior
 10864 | D:9      | Shot with an arrow by a centaur warrior
 10865 | D:9      | Reached XP level 7. HP: -2/30 MP: 14/14
 11010 | D:9      | Noticed Psyche
 11028 | D:9      | Killed Psyche
 11028 | D:9      | Reached *** piety under Sif Muna
 11028 | D:9      | Reached skill level 5 in Spellcasting
 11028 | D:9      | Reached skill level 8 in Hexes
 11028 | D:9      | Reached XP level 8. HP: 19/34 MP: 0/16
 11369 | D:7      | Reached skill level 9 in Hexes
 11980 | D:7      | Found a runed gate.
 11980 | D:7      | Found a runed gate.
 11984 | D:7      | Noticed Killmatronix's ghost (novice SpGl)
 11985 | D:7      | Found a runed gate.
 12352 | D:7      | Reached skill level 5 in Stealth
 13051 | D:8      | Reached XP level 9. HP: 30/39 MP: 7/18
 13167 | D:8      | Noticed Harold
 13473 | D:8      | Noticed a red ugly thing
 13549 | D:8      | Killed a red ugly thing
 13549 | D:8      | Reached skill level 5 in Fighting
 13665 | D:8      | Noticed a tengu warrior
 13678 | D:8      | Reached **** piety under Sif Muna
 14067 | D:8      | Learned a level 3 spell: Confuse
 14236 | D:8      | HP: 1/40 [tengu warrior/arrow (26)]
 14945 | D:7      | Killed from afar by Harold

Vault maps used:
D:1:      lemuel_arrival_funnel, minmay_misc_feat_nine_boxes
D:2:      minmay_overflow_temple_hex, serial_glass, glass_columns_b,
          glass_columns_a
D:3:      minivault_5
D:4:      fedhas_bush_and_centaur_altar
D:5:      marbit_many_paths, first_ration, minmay_misc_feat_ornament, uniq_ijyb,
          uniq_duvessa
D:6:      minmay_temple_entry_poolview, serial_shops, shop, st_stairs_10,
          hex_large, lemuel_angel_altar, uniq_edmund
D:7:      ebering_ghost_rock_garden
D:8:      minmay_quarter_circles, serial_shops, shop, uniq_harold
D:9:      serial_undead, serial_undead_c, serial_undead_b, serial_undead_c,
          serial_undead_b, serial_undead_a, serial_undead_b, serial_undead_b,
          uniq_psyche

Skill      XL: |  1  2  3  4  5  6  7  8  9 |
---------------+----------------------------+-----
Dodging        | 3 4 5 6 |  6.4
Conjurations   | 4 5 6 7 |  7.0
Hexes          | 2 3 5 8 9 |  9.4
Stealth        | 3 6 |  6.4
Spellcasting   | 3 5 6 |  6.0
Unarmed Combat | 1 2 |  2.9
Fighting       | 3 4 5 |  5.3

Action                   |  1- 3 |  4- 6 |  7- 9 || total
-------------------------+-------+-------+-------++-------
Melee: Unarmed           |    11 |    39 |    59 ||   109
       Bite              |     1 |     2 |     3 ||     6
       Punch             |       |       |     1 ||     1
 Cast: Magic Dart        |   117 |   127 |    75 ||   319
       Dazzling Spray    |     1 |     7 |    10 ||    18
       Fulminant Prism   |       |     9 |   102 ||   111
       Confusing Touch   |       |       |     1 ||     1
       Confuse           |       |       |     2 ||     2
Invok: Divine Energy     |       |     1 |       ||     1
  Use: Potion            |     1 |     1 |     3 ||     5
       Scroll            |       |       |     5 ||     5
 Stab: Invisible         |       |       |     2 ||     2
  Eat: Chunk             |    15 |    15 |    33 ||    63
Armor: Skin              |     5 |     4 |     5 ||    14
Dodge: Dodged            |    41 |    54 |    96 ||   191

Table legend:
 A = Non-vault XP
 B = Vault XP
 C = Vault XP percentage of total XP
 D = Non-vault monster count
 E = Vault monster count
 F = Vault count percentage of total count
                 A         B        C        D         E       F
            +---------+---------+-------+---------+---------+-------
      Total |    2989 |    2320 |  43.7 |     163 |      22 |  11.9
            +---------+---------+-------+---------+---------+-------
        D:1 |      45 |       0 |   0.0 |      26 |       0 |   0.0
        D:2 |      63 |       0 |   0.0 |      21 |       0 |   0.0
        D:3 |     301 |       0 |   0.0 |      41 |       0 |   0.0
        D:4 |     147 |     108 |  42.4 |       8 |       1 |  11.1
        D:5 |     335 |     268 |  44.4 |      11 |       3 |  21.4
        D:6 |     398 |     244 |  38.0 |      12 |       3 |  20.0
        D:7 |     927 |       0 |   0.0 |      19 |       0 |   0.0
        D:8 |     739 |    1117 |  60.2 |      24 |      11 |  31.4
        D:9 |      34 |     583 |  94.5 |       1 |       4 |  80.0
            +---------+---------+-------+---------+---------+-------
